 Dungeon Crawl Stone Soup version 0.29.0-4-gdea44cf6ec (webtiles) character file.

Game seed: 2679409195474747556

13 qw the Firebug (level 2, -3/23 HPs)
             Began as a Ghoul Fire Elementalist on Aug 29, 2022.
             Slain by an adder (4 damage)
             ... on level 2 of the Dungeon.
             The game lasted 00:00:37 (1048 turns).

qw the Firebug (Ghoul Fire Elementalist)            Turns: 1048, Time: 00:00:38

Health: -3/23      AC:  5    Str: 11    XL:     2   Next: 37%
Magic:  3/3        EV: 10    Int: 10    God:
Gold:   86         SH:  0    Dex:  9    Spells: 3/4 levels left

rFire   . . .      SeeInvis .     - Unarmed
rCold   + . .      Faith    .   (no shield)
rNeg    + + +      Spirit   .   h - +0 ring mail
rPois   inf        Reflect  .   (no helmet)
rElec   .          Harm     .   (no cloak)
rCorr   .          Rampage  .   (no gloves)
Will    .....                   (no boots)
Stlth   +.........              (no amulet)
HPRegen 0.00/turn               (no ring)
MPRegen 0.08/turn               (no ring)

@: inhibited regen
A: claws 1, cold resistance 1, negative energy resistance 3, inhibited
regeneration, torment resistance 2, devour on kill
a: no special abilities


You were on level 2 of the Dungeon.
You visited 1 branch of the dungeon, and saw 2 of its levels.

You collected 86 gold pieces.


Innate Abilities, Weirdness & Mutations

You are immune to poison.
You have sharp fingernails.
Your flesh is cold resistant. (rC+)
You are immune to negative energy. (rN+++)
You do not regenerate when monsters are visible.
You are immune to unholy pain and torment.
You thrive by killing the living.


   Skills:
 - Level 1.0 Fighting
 - Level 1.7 Dodging
 - Level 2.1 Stealth
 + Level 1.7 Unarmed Combat
 - Level 1.7 Spellcasting
 - Level 0.7 Conjurations
 - Level 2.4 Fire Magic


You had 3 spell levels left.
You knew the following spells:

 Your Spells              Type           Power      Damage    Failure   Level
a - Foxfire               Conj/Fire      16%        2x1d4     38%         1

Your spell library contained the following spells:

 Spells                   Type           Power      Damage    Failure   Level
 Scorch                   Fire           10%        2d6       41%         2
 Conjure Flame            Conj/Fire      4%         6-21      77%         3
 Inner Flame              Hex/Fire       3%         N/A       82%         3
 Flame Wave               Conj/Fire      4%         2d5       99%         4

Inventory:

Armour
 h - a +0 ring mail (worn)
Jewellery
 a - a ring of magical power
Scrolls
 f - a scroll of identify
Potions
 e - a potion of brilliance {unknown}

Dungeon Overview and Level Annotations

Branches:
Dungeon (2/15)

Altars:
Uskayaw


Message History

The adder is severely wounded.
The rat closely misses you. The adder barely misses you.
You miss the adder.
The adder is severely wounded.
The rat bites you but does no damage. The adder closely misses you.
You barely miss the adder.
The adder is severely wounded.
The adder closely misses you. The rat bites you but does no damage.
The adder closely misses you.
You scratch the adder but do no damage.
The adder is severely wounded.
The rat bites you. The adder bites you.
You barely miss the adder.
The adder is severely wounded.
The rat closely misses you. The adder bites you.
You miss the adder.
The adder is severely wounded.
The adder closely misses you. The rat bites you but does no damage.
You closely miss the adder.
The adder is severely wounded.
The adder bites you. The rat closely misses you. The adder closely misses you.
You miss the adder.
The adder is severely wounded.
The rat bites you but does no damage. The adder completely misses you.
You scratch the adder.
The adder is severely wounded.
The rat closely misses you. The adder bites you.
You closely miss the adder.
The adder is severely wounded.
The adder bites you. The rat bites you. The adder bites you.
You miss the adder.
The adder is severely wounded.
The rat barely misses you. The adder bites you but does no damage.
You scratch the adder but do no damage.
The adder is severely wounded.
The rat bites you. The adder closely misses you.
You closely miss the adder.
The adder is severely wounded.
The adder bites you.
You die...

#.##
##.......... .
##
##.#...#.#.#.(#
.
#..........#..#.
#...##..........
#.##. ##.##.##.#
#. #. #.......#
# .. #.......#
#. #....Sr.#
#....@$.#
#.......#
#.......#
#.......#
#########


You could see an adder and a rat.

Vanquished Creatures
  A worm (D:2)
  An endoplasm (D:2)
  A goblin (D:1)
  A hobgoblin (D:2)
  3 ball pythons
  A kobold (D:1)
  2 rats
10 creatures vanquished.

Notes
Turn   | Place    | Note
-------+----------+-------------------------------------------
     0 | D:1      | qw the Ghoul Fire Elementalist began the quest for the Orb.
     0 | D:1      | Reached XP level 1. HP: 14/14 MP: 2/2
     0 | D:1      | 0 ||| qw: Version: 0.1-a-90-g952f4b7
     0 | D:1      | 0 ||| qw: Game counter: 4117
     0 | D:1      | 0 ||| qw: Always use a shield: true
     0 | D:1      | 0 ||| qw: God list: Okawaru
     0 | D:1      | 0 ||| qw: Allow faded altars: false
     0 | D:1      | 0 ||| qw: Do Orc after D:15 true
     0 | D:1      | 0 ||| qw: Do second Lair branch before Depths: true
     0 | D:1      | 0 ||| qw: Lair rune preference: random
     0 | D:1      | 0 ||| qw: Plans: Normal
     0 | D:1      | 0 ||| PLANNING D:1-11
   614 | D:1      | Reached skill level 1 in Unarmed Combat
   721 | D:1      | 721 ||| UPGRADING to +0 leather armour.
   731 | D:1      | 731 ||| DROPPING +0 robe.
   732 | D:1      | 732 ||| UPGRADING to +0 ring mail.
   742 | D:1      | 742 ||| DROPPING +0 leather armour.
   743 | D:1      | 743 ||| READING 2 scrolls labelled ZIRHUOZITZ.
   744 | D:1      | 744 ||| READING scroll labelled JYAS ERCHICE.
   745 | D:1      | 745 ||| DROPPING potion of magic.
   824 | D:2      | Found a hide-covered altar of Uskayaw.
   875 | D:2      | Reached skill level 1 in Fighting
   875 | D:2      | Reached XP level 2. HP: 23/23 MP: 3/3
   914 | D:2      | 914 ||| Stepping ~*~*~tactically~*~*~ (stealth).
  1045 | D:2      | HP: 5/23 [rat (1)]
  1047 | D:2      | HP: 1/23 [rat (2)]
  1048 | D:2      | Slain by an adder

Levels and vault maps discovered:
D:1:      eino_arrival_tree_alley, layout_loops_ring
D:2:      layout_loops_cross, basic_altar, serial_park_tiny_1,
          kennysheep_generic_room_14

Skill      XL: |  1 |
---------------+----+-----
Unarmed Combat | 1 |  1.7
Fighting       | 1 |  1.0
Dodging        | |  1.7
Stealth        | |  2.1
Spellcasting   | |  1.7
Conjurations   | |  0.7
Fire Magic     | |  2.4

Action                   || total
-------------------------++-------
Melee: Unarmed           ||    58
Throw: Javelin           ||     7
  Use: Scroll            ||     2
Armor: Ring mail         ||    22
       Robe              ||     1
Dodge: Dodged            ||    37

Table legend:
 A = Non-vault XP
 B = Vault XP
 C = Vault XP percentage of total XP
 D = Non-vault monster count
 E = Vault monster count
 F = Vault count percentage of total count
                 A         B        C        D         E       F
            +---------+---------+-------+---------+---------+-------
      Total |      19 |       0 |   0.0 |      10 |       0 |   0.0
            +---------+---------+-------+---------+---------+-------
        D:1 |       5 |       0 |   0.0 |       4 |       0 |   0.0
        D:2 |      14 |       0 |   0.0 |       6 |       0 |   0.0
            +---------+---------+-------+---------+---------+-------
